 Dungeon Crawl Stone Soup version 0.21-a0-156-g77413b7 (webtiles) character file.

142 Charmandara the Ruffian (level 5, 0/40 HPs)
             Began as a Draconian Transmuter on Aug 4, 2017.
             Succumbed to a worker ant's poison
             ... on level 3 of the Dungeon.
             The game lasted 00:05:18 (2131 turns).

Charmandara the Ruffian (Draconian Transmuter)      Turns: 2131, Time: 00:05:18

Health: 0/40       AC:  5    Str: 12 (13) XL:     5   Next: 3%
Magic:  5/8        EV:  9    Int: 12 (14) God:
Gold:   78         SH:  0    Dex: 10 (11) Spells: 2/8 levels left

rFire    . . .     SeeInvis .   d - -2 short sword (curse)
rCold    . . .     Gourm    .   (no shield)
rNeg     . . .     Faith    .   (armour unavailable)
rPois    .         Spirit   +   (helmet restricted)
rElec    .         Reflect  .   (no cloak)
rCorr    +         Harm     .   (no gloves)
MR       .....                  (no boots)
Stlth    +.........             g - amulet of guardian spirit {Spirit}
HPRegen  0.13/turn              h - ring of resist corrosion
MPRegen  0.11/turn              m - -3 ring of evasion (curse)

@: lethally poisoned (0 -> -8), very slightly contaminated
A: unfitting armour, cold-blooded, AC +5
a: no special abilities


You were on level 3 of the Dungeon.
You were not hungry.

You visited 1 branch of the dungeon, and saw 3 of its levels.

You collected 78 gold pieces.

Inventory:

Hand Weapons
 d - a cursed -2 short sword (weapon)
   (You took it off a kobold on level 1 of the Dungeon)
 k - a +0 hunting sling
   (You took it off a goblin on level 2 of the Dungeon)
 o - a +0 dagger of speed
   (You took it off a goblin on level 2 of the Dungeon)
Missiles
 a - 12 arrows
 l - 23 sling bullets
Jewellery
 g - an amulet of guardian spirit (around neck) {Spirit}
   (You found it on level 2 of the Dungeon)
 h - a ring of resist corrosion (left hand)
   (You found it on level 2 of the Dungeon)
 m - a cursed -3 ring of evasion (right hand)
   (You found it on level 2 of the Dungeon)
Scrolls
 e - a scroll of fear
 f - 3 scrolls of identify
Books
 b - a book of Changes
Comestibles
 c - 3 bread rations {@e1}
 j - 2 meat rations {@e2}
 n - a chunk of flesh {@w0}


   Skills:
 - Level 1.1 Fighting
 - Level 1.7 Dodging
 + Level 5.8 Unarmed Combat
 - Level 2.0 Spellcasting
 - Level 2.0 Transmutations


You had 2 spell levels left.
You knew the following spells:

 Your Spells              Type           Power        Failure   Level  Hunger
a - Beastly Appendage     Tmut           #.....       12%         1    ##.....
c - Spider Form           Tmut/Pois      #.........   47%         3    ####...
s - Sticks to Snakes      Tmut           #.......     19%         2    ###....


Dungeon Overview and Level Annotations

Branches:
Dungeon (3/15)

Altars:


Innate Abilities, Weirdness & Mutations

Your plain brown scales are hard. (AC +5)
You cannot fit into any form of body armour.
You are cold-blooded and may be slowed by cold attacks.


Message History

Done exploring.
(D) Dungeon
Where to? (Enter - D:2, ? - help)
There is a stone staircase leading down here.
You climb downwards.
A worker ant and a goblin come into view.
The goblin shouts!
There is a stone staircase leading up here.
Unknown command.
The worker ant twitches its antennae in your direction.
You turn into a venomous arachnid creature.
Your cursed -2 short sword melds into your body.
You now have 4/7 mp.
Unknown command.
You bite the goblin!
You kill the goblin!
The worker ant bites you.
You are poisoned.
The worker ant poisons you!
You take 3 damage, and have 32/35 hp.
You closely miss the worker ant.
Your transformation is almost over.
You feel sick. The worker ant closely misses you.
You take 2 damage, and have 30/35 hp.
You hit the worker ant.
The worker ant is poisoned.
You feel sick. The worker ant misses you.
You take 1 damage, and have 29/35 hp.
You barely miss the worker ant.
You feel sick. The worker ant bites you.
You are lethally poisoned!
The worker ant poisons you!
You take 7 damage, and have 22/35 hp.
Okay, then.
It was a potion of degeneration.
There was something very wrong with that liquid.
You feel weakened.
You feel dopey.
You feel clumsy.
You feel sick. The worker ant closely misses you.
The worker ant completely misses you.
You take 2 damage, and have 20/35 hp.
Unknown command.
You completely miss the worker ant.
You feel sick. The worker ant bites you.
You take 5 damage, and have 15/35 hp.
You now have 3/7 mp.
Unknown command.
You hit the worker ant.
The worker ant looks as sick as possible!
You feel sick.
You kill the worker ant!
You feel your dexterity returning.
You have reached level 5!
There is a lethal amount of poison in your body!
Unknown command.
There is a lethal amount of poison in your body!
You feel sick.
You take 1 damage, and have 14/40 hp.
* * * LOW HITPOINT WARNING * * *
You feel sick.
You take 2 damage, and have 12/40 hp.
* * * LOW HITPOINT WARNING * * *
You feel sick.
You take 2 damage, and have 10/40 hp.
Your transformation has ended.
Your cursed -2 short sword unmelds from your body.
* * * LOW HITPOINT WARNING * * *
You feel sick.
You take 1 damage, and have 9/40 hp.
* * * LOW HITPOINT WARNING * * *
You feel sick.
You take 2 damage, and have 7/40 hp.
* * * LOW HITPOINT WARNING * * *
You feel sick.
Things that are here:
a club; a goblin corpse
* * * LOW HITPOINT WARNING * * *
You feel sick.
You take 1 damage, and have 6/40 hp.
* * * LOW HITPOINT WARNING * * *
You feel sick.
You take 1 damage, and have 5/40 hp.
You aren't carrying any items that you can evoke.
Unknown command.
Okay, then.
Really read
i - a scroll of blinking {!r}?
Blink to where?
You are very lightly contaminated with residual magic.
As you read the scroll of blinking {!r}, it crumbles to dust.
* * * LOW HITPOINT WARNING * * *
You feel sick.
Found a stone staircase leading up.
You take 1 damage, and have 4/40 hp.
* * * LOW HITPOINT WARNING * * *
You feel sick.
You take 1 damage, and have 3/40 hp.
* * * LOW HITPOINT WARNING * * *
You feel sick.
There is a stone staircase leading up here.
You take 1 damage, and have 2/40 hp.
* * * LOW HITPOINT WARNING * * *
You feel sick.
You take 1 damage, and have 1/40 hp.
You die...

...... ..$... #.$#.#
...... #..#.####
....# #..#.....
....#### #........
#.) ..# ........
#..##.## #.......
#..@.<##.####.......
#.###.##..ยง.).......
# #.?.............
#########.#.<###
...........
####.###..# #.# ..#
... ..# ##.# .##


There were no monsters in sight!

Vanquished Creatures
  Jessica (D:2)
  A worker ant (D:3)
  2 adders (D:2)
  An ooze (D:1)
  A worm (D:2)
  3 dart slugs
  2 leopard geckos (D:1)
  A giant cockroach (D:1)
  11 goblins
  7 hobgoblins
  4 jackals (D:1)
  10 bats
  2 frilled lizards (D:2)
  7 kobolds
  3 rats
56 creatures vanquished.

Vanquished Creatures (others)
  4 toadstools (D:1)
4 creatures vanquished.

Grand Total: 60 creatures vanquished

Notes
Turn   | Place    | Note
-------+----------+-------------------------------------------
     0 | D:1      | Charmandara the Draconian Transmuter began the quest for the Orb.
     0 | D:1      | Reached XP level 1. HP: 16/16 MP: 3/3
    94 | D:1      | Reached XP level 2. HP: 15/23 MP: 5/5
   105 | D:1      | HP: 5/23 [jackal (1)]
   492 | D:1      | Learned a level 2 spell: Sticks to Snakes
   507 | D:1      | Reached skill level 4 in Unarmed Combat
   685 | D:1      | Reached XP level 3. HP: 26/28 MP: 4/6
  1266 | D:2      | Learned a level 3 spell: Spider Form
  1604 | D:2      | Reached XP level 4. HP: 30/35 MP: 4/7
  1612 | D:2      | Reached skill level 5 in Unarmed Combat
  1874 | D:2      | Noticed Jessica
  1885 | D:2      | Killed Jessica
  2118 | D:3      | Reached XP level 5. HP: 15/40 MP: 3/8
  2121 | D:3      | HP: 10/40 [poisoned by a worker ant]
  2126 | D:3      | HP: 5/40 [poisoned by a worker ant]
  2129 | D:3      | HP: 2/40 [poisoned by a worker ant]
  2131 | D:3      | Succumbed to a worker ant's poison

Vault maps used:
D:1:      ldierk_walled_garden_2
D:2:      first_bread, uniq_jessica
D:3:      dk_yredelemnul_ordeal

Skill      XL: |  1  2  3  4 |
---------------+-------------+-----
Unarmed Combat | 4 5 |  5.8
Fighting       | |  1.1
Dodging        | |  1.7
Spellcasting   | |  2.0
Transmutations | |  2.0

Action                   |  1- 3 |  4- 6 || total
-------------------------+-------+-------++-------
Melee: Unarmed           |   117 |    48 ||   165
       Headbutt          |     4 |     1 ||     5
       Tailslap          |    11 |     3 ||    14
       Kick              |     7 |       ||     7
       Punch             |     1 |     1 ||     2
       Short sword       |       |     1 ||     1
 Cast: Beastly Appendage |    25 |     1 ||    26
       Spider Form       |       |     3 ||     3
  Use: Scroll            |       |     4 ||     4
       Potion            |       |     1 ||     1
 Stab: Sleeping          |     1 |       ||     1
  Eat: Chunk             |     3 |     2 ||     5
Armor: Skin              |    52 |    18 ||    70
Dodge: Dodged            |   102 |    28 ||   130

Vault maps used:
D:1:      ldierk_walled_garden_2
D:2:      first_bread, uniq_jessica
D:3:      dk_yredelemnul_ordeal

Table legend:
 A = Turns spent in this place as a percentage of turns spent in the entire game.
 B = Non-inter-level travel turns spent in this place as a percentage of non-inter-level travel turns spent in the entire game.
 C = Inter-level travel turns spent in this place as a percentage of turns spent in this place.
 D = Turns resting spent in this place as a percentage of non-inter-level travel turns spent in this place.
 E = Turns spent auto-exploring this place as a percentage of non-inter-level travel turns spent in this place.
 F = Non-inter-level travel turns spent in this place divided by the number of levels of this place that you've seen.
                   A       B       C       D       E      F
               +-------+-------+-------+-------+-------+----------------------
         Total | 100.0 | 100.0 |   0.5 |   2.0 |   9.0 | 213.7
       Dungeon | 100.0 | 100.0 |   0.5 |   2.0 |   9.0 | 213.7
               +-------+-------+-------+-------+-------+----------------------

Table legend:
 A = Kills in this place as a percentage of kills in entire the game.
 B = Kills by you in this place as a percentage of kills by you in the entire game.
 C = Kills by friends in this place as a percentage of kills by friends in the entire game.
 D = Other kills in this place as a percentage of other kills in the entire game.
 E = Experience gained in this place as a percentage of experience gained in the entire game.
 F = Experience gained in this place divided by the number of levels of this place that you have seen.
                   A       B       C       D       E      F
               +-------+-------+-------+-------+-------+----------------------
         Total | 100.0 | 100.0 |  -nan |  -nan | 100.0 |  67.7
       Dungeon | 100.0 | 100.0 |  -nan |  -nan | 100.0 |  67.7
               +-------+-------+-------+-------+-------+----------------------
